 Dungeon Crawl Stone Soup version 0.31-a0-1308-ga3cce3a448 (webtiles) character file.

Game seed: 5618706599833165606

179 Curundu the Slasher (level 5, -5/47 HPs)
             Began as a Minotaur Berserker on Dec 19, 2023.
             Was a Believer of Trog.
             Slain by an iguana (13 damage)
             ... on level 4 of the Dungeon.
             The game lasted 00:08:52 (2900 turns).

Curundu the Slasher (Minotaur Berserker)            Turns: 2900, Time: 00:08:52

Health: -5/47      AC:  2    Str: 24    XL:     5   Next: 33%
Magic:  4/4        EV: 12    Int:  4    God:    Trog [**....]
Gold:   205        SH:  0    Dex:  9    Spells: 4/4 levels left

rFire   + . .        a - +0 falchion
rCold   . . .        (no shield)
rNeg    . . .        b - +0 animal skin
rPois   .            (helmet restricted)
rElec   .            (no cloak)
rCorr   .            (no gloves)
SInv    .            (no boots)
Will    +....        (no amulet)
Stlth   +            h - ring of protection from fire
HPRegen 0.27/turn    m - ring of willpower
MPRegen 0.09/turn

%: no passive effects
@: no status effects
A: horns 2, retaliatory headbutt
a: Renounce Religion, Berserk, Trog's Hand


You were on level 4 of the Dungeon.
You worshipped Trog.
Trog was pleased with you.
You visited 1 branch of the dungeon, and saw 4 of its levels.

You collected 205 gold pieces.

Inventory:

Hand Weapons
 a - a +0 falchion (weapon)
Missiles
 j - 4 boomerangs (quivered)
 k - 2 poisoned darts
 l - 4 curare-tipped darts
Armour
 b - a +0 animal skin (worn)
Jewellery
 h - a ring of protection from fire (left hand)
 m - a ring of willpower (right hand)
Scrolls
 c - 3 scrolls of identify {unknown}
 d - 2 scrolls of teleportation {unknown}
 n - a scroll of enchant armour {unknown}
 o - a scroll of blinking {unknown}
Potions
 e - a potion of curing {unknown}
 f - a potion of haste {unknown}
 g - a potion of cancellation {unknown}
 i - a potion of degeneration {unknown}


   Skills:
 + Level 4.6 Fighting
 + Level 5.3 Long Blades
 + Level 1.7 Throwing
 + Level 2.8 Armour
 + Level 3.2 Dodging
 + Level 0.3 Stealth


You had 4 spell levels left.
You didn't know any spells.
Your spell library contained the following spells:

 Spells                   Type           Power      Damage    Failure   Level
 Blink                    Tloc           0%         N/A       65%         2
 Lesser Beckoning         Tloc           0%         N/A       65%         2
 Momentum Strike          Conj/Tloc      0%         3d8       65%         2


Dungeon Overview and Level Annotations

Branches:
Dungeon (4/15)
 Temple: D:4-7

Altars:
Elyvilon

Shops:
D:2 (


Innate Abilities, Weirdness & Mutations

You have a pair of horns on your head.
You reflexively headbutt those who attack you in melee.


Message History

You headbutt the giant cockroach!
You kill the giant cockroach!
Trog accepts your kill.
Found a stone staircase leading up.
An iguana comes into view.
The iguana hisses angrily.
You closely miss the iguana. The iguana barely misses you.
You closely miss the iguana. The iguana closely misses you.
You hit the iguana but do no damage. Your headbutt misses the iguana.
The iguana bites you.
You hit the iguana.
The iguana is lightly wounded.
The iguana bites you!
You hit the iguana but do no damage.
The iguana is lightly wounded.
The iguana bites you.
You hit the iguana. Your headbutt misses the iguana.
The iguana is lightly wounded.
The iguana closely misses you.
You completely miss the iguana.
The iguana is lightly wounded.
The iguana bites you.
You hit the iguana.
The iguana is moderately wounded.
The iguana closely misses you.
You hit the iguana.
The iguana is severely wounded.
The iguana bites you!
* * * LOW HITPOINT WARNING * * *
You hit the iguana but do no damage. Your headbutt misses the iguana.
The iguana is severely wounded.
The iguana misses you.
You hit the iguana. Your headbutt misses the iguana.
The iguana is almost dead.
The iguana bites you.
* * * LOW HITPOINT WARNING * * *
You hit the iguana but do no damage. Your headbutt misses the iguana.
The iguana is almost dead.
The iguana bites you!
You die...

#.........#....#
#..######.#..#.#
#......#.....#.# #
#..#.#.#..#.##.#
#.###+#....# #..#.##.#
#..........# #..#.##.#
#.......####.#..#.##.#
##............#<.#.##.##
.......@########.#.##...
........l........#.###.#
....########### #.# ....
#.# ### #.# ############
#.# #######..........#
#.# #.....#.########.#
#.# #........# #.# #.#


You could see an iguana.

Vanquished Creatures
  A phantom (D:3)
  3 adders
  A white imp (D:3)
  2 worms
  3 ball pythons
  3 bats
  9 endoplasms
  2 giant cockroaches
  7 hobgoblins
  7 jackals
  3 quokkas
  3 frilled lizards
  7 goblins
  7 kobolds
  8 rats
66 creatures vanquished.

Notes
Turn   | Place    | Note
-------+----------+-------------------------------------------
     0 | D:1      | Curundu the Minotaur Berserker began the quest for the Orb.
     0 | D:1      | Reached XP level 1. HP: 19/19 MP: 0/0
   127 | D:1      | Reached skill level 4 in Long Blades
   127 | D:1      | Reached XP level 2. HP: 22/27 MP: 1/1
   579 | D:1      | Reached ** piety under Trog
   585 | D:1      | Reached XP level 3. HP: 31/33 MP: 2/2
  1270 | D:2      | Found a white marble altar of Elyvilon.
  1280 | D:2      | Reached XP level 4. HP: 37/41 MP: 3/3
  1342 | D:2      | Found Mihyn's Weapon Shoppe.
  2191 | D:3      | Reached skill level 1 in Throwing
  2593 | D:3      | Noticed a phantom
  2603 | D:3      | Killed a phantom
  2604 | D:3      | Reached skill level 5 in Long Blades
  2604 | D:3      | Reached XP level 5. HP: 31/47 MP: 4/4
  2900 | D:4      | Slain by an iguana

Illustrated notes

Levels and vault maps discovered:
D:1:      dpeg_arrival_rooms_b, layout_basic
D:2:      layout_rooms, serial_shops, nicolae_shop_bloodbath_and_beyond,
          minmay_hexomino_r4
D:3:      layout_loops_corners
D:4:      layout_basic, kennysheep_little_box, mainiacjoe_overflow_brackets,
          uniq_edmund

Skill      XL: |  1  2  3  4 |
---------------+-------------+-----
Long Blades    | 4 5 |  5.3
Fighting       | 4 |  4.6
Dodging        | 3 |  3.2
Throwing       | 1 |  1.7
Armour         | |  2.8
Stealth        | |  0.3

Action                     |  1- 3 |  4- 6 || total
---------------------------+-------+-------++-------
  Melee: Falchion          |    78 |    70 ||   148
         Headbutt          |    10 |     6 ||    16
         Punch             |       |     1 ||     1
  Throw: Boomerang         |    16 |     7 ||    23
         Dart              |    12 |       ||    12
 Armour: Animal skin       |    43 |    38 ||    81
  Dodge: Dodged            |    56 |    37 ||    93

Table legend: (Time is in decaauts)
 A = Elapsed time spent in this place.
 B = Non-inter-level travel time spent in this place.
 C = Inter-level travel time spent in this place.
 D = Time resting spent in this place.
 E = Time spent auto-exploring this place.
 F = Levels seen in this place.
 G = Mean time per level.
                   A        B        C        D        E       F      G
               +--------+--------+--------+--------+--------+-----+--------+
         Total |   2916 |   2916 |      0 |      0 |   2286 |   4 |  729.0 |
       Dungeon |   2916 |   2916 |      0 |      0 |   2286 |   4 |  729.0 |
               +--------+--------+--------+--------+--------+-----+--------+

Top non-repeatable levels by time:
     D:3: 1211 daAuts
     D:1: 992 daAuts
     D:2: 620 daAuts
     D:4: 92 daAuts
